 Dungeon Crawl Stone Soup version 0.25-a0-566-g062765be81 (webtiles) character file.

Game seed: 10754806552071897673, levelgen mode: deterministic

141117 Flugslaktarn the Severer (level 16, -19/152 HPs)
             Began as a Deep Dwarf Fighter on Feb 28, 2020.
             Was the Champion of Makhleb.
             Demolished by a faun
             ... wielding a +0 spear
             ... led by a satyr
              (45 damage)
             ... on level 4 of the Shoals.
             The game lasted 00:14:26 (13993 turns).

Flugslaktarn the Severer (Deep Dwarf Fighter)      Turns: 13993, Time: 00:14:27

Health: -19/152    AC: 38    Str: 29    XL:     16   Next: 47%
Magic:  11/11      EV:  8    Int: 11    God:    Makhleb [******]
Gold:   396        SH:  0    Dex: 12    Spells: 15/15 levels left

rFire    . . .     SeeInvis .   I - +1 broad axe (freeze)
rCold    . . .     Gourm    .   c - +0 kite shield
rNeg     + . .     Faith    +   o - +9 plate armour {ponderous}
rPois    .         Spirit   .   i - +2 helmet
rElec    .         Reflect  .   m - +1 cloak
rCorr    +         Harm     .   A - +2 pair of gloves
MR       ++...                  f - +2 pair of boots
Stlth    ..........             B - amulet of faith
HPRegen  0.00/turn              k - ring of resist corrosion
MPRegen  0.12/turn              N - +4 ring of strength

@: sleeping, afraid, non-regenerating, slowed, lightly drained, slow
A: damage resistance, heal wounds, negative energy resistance 1, sense
surroundings 2, no regeneration
}: 1/15 runes: serpentine
a: Heal Wounds, Minor Destruction, Lesser Servant of Makhleb, Major Destruction,
Greater Servant of Makhleb, Renounce Religion


You were on level 4 of the Shoals.
You worshipped Makhleb.
Makhleb was exalted by your worship.
You were hungry.

You visited 4 branches of the dungeon, and saw 25 of its levels.
You visited the Abyss 1 time.
You also visited: Sewer and Volcano.

You collected 1308 gold pieces.
You spent 912 gold pieces at shops.

Inventory:

Hand Weapons
 b - a +5 war axe
   (You took it off a wight on level 7 of the Dungeon)
 y - a +0 hand axe of flaming
   (You took it off an orc on level 8 of the Dungeon)
 F - a +2 hand axe of electrocution
   (You took it off an orc priest on level 9 of the Dungeon)
 I - a +1 broad axe of freezing (weapon)
   (You found it on level 8 of the Dungeon)
Missiles
 p - 5 throwing nets (quivered)
Armour
 c - a +0 kite shield (worn)
 f - a +2 pair of boots (worn)
   (You found it on level 2 of the Dungeon)
 i - a +2 helmet (worn)
   (You took it off Robin on level 2 of the Dungeon)
 m - a +1 cloak (worn)
   (You found it on level 2 of the Dungeon)
 o - a +9 plate armour of ponderousness (worn)
   (You found it on level 8 of the Dungeon)
 A - a +2 pair of gloves (worn)
   (You found it in a sewer)
Jewellery
 k - a ring of resist corrosion (left hand)
   (You found it on level 6 of the Lair of Beasts)
 B - an amulet of faith (around neck)
   (You found it on level 5 of the Dungeon)
 N - a +4 ring of strength (right hand)
   (You found it on level 1 of the Lair of Beasts)
Wands
 u - a wand of acid (7)
   (You found it on level 8 of the Dungeon)
 v - a wand of digging (10)
   (You found it on level 3 of the Lair of Beasts)
 x - a wand of enslavement (7)
   (You found it on level 6 of the Lair of Beasts)
 D - a wand of iceblast (43)
   (You found it on level 5 of the Dungeon)
 M - a wand of clouds (2)
   (You found it on level 1 of the Shoals)
Scrolls
 a - a scroll of magic mapping
 l - 6 scrolls of fear
 q - a scroll of enchant armour
 r - 10 scrolls of identify
 t - 3 scrolls of teleportation
 z - 2 scrolls of blinking
 C - 2 scrolls of fog
 J - 2 scrolls of enchant weapon
 K - 5 scrolls of remove curse
Potions
 d - a potion of might
 g - 2 potions of flight
 h - a potion of haste
 j - 2 potions of mutation
 n - 3 potions of resistance
 s - a potion of cancellation
 w - 2 potions of heal wounds
 E - a potion of magic
 G - 4 potions of brilliance
 H - 3 potions of stabbing
 L - 2 potions of invisibility {unknown}
Comestibles
 e - 25 rations
 O - 11 chunks of flesh


   Skills:
 + Level 11.9(11.4) Fighting
 - Level 18.0(17.4) Axes
 + Level 13.9(13.4) Armour
 + Level 13.9(13.3) Shields
 - Level 15.0(14.4) Invocations


You had 15 spell levels left.
You didn't know any spells.
Your spell library was empty.

Dungeon Overview and Level Annotations

Branches:
Dungeon (11/15)            Temple (0/1) D:4            Lair (6/6) D:11
 Shoals (4/4) Lair:4        Snake (4/4) Lair:4        Slime (0/5) Lair:5
    Orc (0/2) D:11          Sewer (visited)         Volcano (visited)

Altars:
Dithmenos
Elyvilon
Fedhas
Gozag
Kikubaaqudgha
Makhleb
Nemelex Xobeh
Okawaru
Sif Muna
Uskayaw
Vehumet
Wu Jian
Zin
The Shining One
Jiyva

Shops:
D:11 *   Snake:1 !   Snake:2 [*}

Annotations:
D:11 3 runed translucent doors, Gruesome's ghost, journeyman GrFi
Lair:1 1 runed translucent door, Xaprouw's ghost, journeyman NaFE
Lair:2 exclusion: 3 oklob plants
Lair:5 1 runed translucent door
Lair:6 exclusion: oklob plant
Snake:4 Vashnia


Innate Abilities, Weirdness & Mutations

You are resistant to damage.
You can heal yourself by infusing magical energy.
You resist negative energy. (rN+)
You passively map the area around you.
You do not regenerate.


Message History

A faun comes into view. It is wielding a +0 spear.
A merfolk impaler comes into view. It is wielding a +0 trident.
The faun splashes around in the water.
The satyr shoots a sling bullet.
The sling bullet hits you!
* * * LOW HITPOINT WARNING * * *
Things that are here:
a sling bullet; an arrow; a stone Your plate armour prevents you from hitting the satyr.
The satyr is almost dead.
You barely miss the faun.
The faun shouts!
You hit the plant. You freeze the plant.
The faun unwields a +0 spear.
The faun wields a +0 hunting sling.
The faun shoots a stone.
The stone hits you but does no damage.
The faun splashes around in the water.
The faun hits you but does no damage.
The satyr plays a lulling melody on his pipes!
You fall asleep.
The faun shoots a stone.
The stone hits you but does no damage.
The faun hits you from afar with a +0 spear!!!
You die...

≈≈≈≈≈≈≈≈≈≈≈≈≈.≈≈≈....PPP.P≈P≈≈≈
≈≈≈≈≈≈≈≈≈≈≈≈...≈≈c≈≈≈≈≈≈≈≈≈≈≈P≈≈≈
≈≈≈≈≈≈≈≈≈≈....(.≈≈≈≈≈≈≈P≈≈.≈≈≈≈P≈
≈≈≈≈≈≈≈≈≈≈..###(.≈≈≈≈≈≈≈≈P≈≈≈≈≈≈≈
≈≈≈≈≈≈≈≈≈≈..# ##.≈≈≈m≈≈≈PPP≈≈≈≈≈≈
≈≈≈≈≈≈≈≈≈≈..# #.≈≈≈≈≈≈≈.≈...≈≈≈≈
≈≈≈≈≈≈≈≈≈≈..# ##()P≈≈≈≈≈.≈...≈≈≈≈
≈≈≈≈≈≈≈≈≈≈.## #P(≈≈≈c≈≈..≈.###.≈≈
≈≈≈≈.......# ##(@cc≈c≈≈.≈≈.##.<÷≈
≈≈≈..###...# #..(c≈≈≈≈≈.≈≈......≈
≈≈≈..# ##.## #P()c≈≈≈P..≈...≈..≈≈
###..# *### ##PP..≈..≈≈≈≈≈≈.....≈
###..## , *#PP≈≈≈≈.).≈≈≈≈....#.≈
..#...# ,....≈≈P≈((..≈≈.......≈
......## .≈≈≈≈≈≈≈≈≈...≈≈≈.....≈≈
≈≈≈≈.... .≈≈≈≈P≈≈≈≈≈≈.≈≈≈≈....≈≈≈
...≈≈... .≈≈≈≈≈≈≈≈≈≈≈≈(.≈....≈≈≈≈


You could see a merfolk impaler, 2 satyrs, 4 fauns and a centaur.

Vanquished Creatures
  A tentacled starspawn (Abyss:2)
  6 nagarajas (Snake:4)
  A stone giant (Volcano)
  2 merfolk javelineers
  5 merfolk impalers
  9 naga warriors
  A hydra (Lair:6)
  2 merfolk avatars (Shoals:4)
  7 anacondas
  2 two-headed ogres
  A merfolk aquamancer (Shoals:4)
  An alligator snapping turtle (Shoals:4)
  2 satyrs (Shoals:4)
  7 death yaks
  2 shock serpents (Snake:4)
  9 naga sharpshooters
  2 thrashing horrors (Abyss:2)
  2 sixfirhies (Abyss:2)
  A salamander mystic (Snake:4)
  A spatial maelstrom (Abyss:2)
  5 sea snakes
  2 starcursed masses (Abyss:2)
  An unseen horror (D:10)
  A glowing orange brain (Abyss:2)
  6 naga ritualists
  8 harpies (Shoals:4)
  6 fauns (Shoals:4)
  8 mana vipers
  2 large abominations (Abyss:2)
  6 manticores
  8 salamanders
  7 elephants (Lair:6)
  An ugly thing (D:11)
  5 guardian serpents (Snake:4)
  16 naga magi
  19 black mambas
  2 molten gargoyles (Volcano)
  5 merfolk sirens
  2 gargoyles (Volcano)
  5 water nymphs
  3 rime drakes
  7 spiny frogs
  2 kobold demonologists (Abyss:2)
  4 komodo dragons
  A demonic crawler (Abyss:2)
  An efreet (Volcano)
  An ancient zyme (Abyss:2)
  A troll (D:10)
  16 merfolk
  A wind drake (Shoals:4)
  Grinder (D:4)
  A polar bear (Lair:6)
  4 raiju (Abyss:2)
  4 snapping turtles (Shoals:4)
  7 blink frogs (Lair:6)
  13 dream sheep
  A hornet (D:11)
  7 hippogriffs
  Sigmund (D:2)
  8 water elementals
  34 yaks
  2 shadows (D:11)
  2 vampires
  A ynoxinul (Abyss:2)
  3 wyverns
  5 fire bats
  A basilisk (Lair:1)
  Menkaure (D:4)
  35 nagas
  Edmund (D:5)
  A spatial vortex (Abyss:2)
  8 water moccasins
  An acid dragon (D:11)
  7 porcupines
  2 orc warriors
  2 sky beasts
  An ice beast (D:8)
  A necrophage (D:7)
  A black bear (D:5)
  5 ogres
  2 small abominations (Abyss:2)
  11 wolves
  4 boggarts (Lair:6)
  3 centaurs
  15 crocodiles
  3 big kobolds
  Blork the orc (D:4)
  12 bullfrogs
  2 earth elementals (Volcano)
  A gnoll sergeant (D:4)
  A wyvern skeleton (D:7)
  3 scorpions
  5 killer bees (D:9)
  3 wights (D:7)
  A bullfrog zombie (D:8)
  7 lava snakes (Volcano)
  5 crimson imps
  2 centaur zombies
  6 jellies
  3 hounds
  3 orc priests
  An iron imp (Abyss:2)
  12 orc wizards
  Ijyb (D:3)
  Terence (D:3)
  5 iguanas
  5 worker ants
  2 killer bee zombies
  A howler monkey skeleton (D:9)
  Robin (D:2)
  3 gnolls (D:4)
  17 adders
  3 river rats
  A shadow imp (D:6)
  6 oozes
  2 worms (D:3)
  A dart slug (D:2)
  6 leopard geckos
  26 orcs
  2 ball pythons
  3 bats
  4 giant cockroaches
  12 goblins
  7 hobgoblins
  12 jackals
  3 quokkas
  8 frilled lizards
  A jackal zombie (D:6)
  22 kobolds
  2 leopard gecko skeletons
  3 rats
  2 rat zombies (D:8)
  A fungus (Lair:1)
  A lurking horror (Abyss:2)
  8 plants
  2 starspawn tentacles (Abyss:2)
657 creatures vanquished.

Vanquished Creatures (collateral kills)
  Louise (Snake:1)
  A hydra (Lair:5)
  2 shock serpents (Snake:1)
  2 naga sharpshooters (Snake:4)
  A naga ritualist (Snake:4)
  2 nagas
9 creatures vanquished.

Vanquished Creatures (others)
  A merfolk aquamancer (Shoals:4)
  A guardian serpent (Snake:2)
  A neqoxec (Abyss:2)
  A naga (Snake:4)
  7 fungi
  59 plants
  6 starspawn tentacles (Abyss:2)
  2 withered plants (Lair:1)
78 creatures vanquished.

Grand Total: 744 creatures vanquished

Notes
Turn   | Place    | Note
-------+----------+-------------------------------------------
     0 | D:1      | Flugslaktarn the Deep Dwarf Fighter began the quest for the
                  | Orb.
     0 | D:1      | Reached XP level 1. HP: 20/20 MP: 1/1
    84 | D:1      | Found a glowing golden altar of the Shining One.
   253 | D:2      | Noticed Robin
   261 | D:2      | Reached XP level 2. HP: 22/27 MP: 2/2
   280 | D:2      | Killed Robin
   280 | D:2      | Reached skill level 3 in Axes
   280 | D:2      | Reached XP level 3. HP: 26/33 MP: 2/2
   313 | D:2      | Noticed Sigmund
   356 | D:2      | Killed Sigmund
   356 | D:2      | Reached skill level 4 in Axes
   356 | D:2      | Reached XP level 4. HP: 6/42 MP: 1/1
   356 | D:2      | Reached XP level 5. HP: 8/49 MP: 2/2
   549 | D:3      | Noticed Terence
   563 | D:3      | Killed Terence
   582 | D:3      | Found a glowing drain.
   693 | D:3      | Reached XP level 6. HP: 44/56 MP: 2/2
   705 | Sewer    | Entered a sewer
   928 | Sewer    | Reached skill level 5 in Axes
  1042 | D:3      | Found a blossoming altar of Fedhas.
  1043 | D:3      | Found a shimmering blue altar of Sif Muna.
  1044 | D:3      | Found an iron altar of Okawaru.
  1046 | D:3      | Found a hide-covered altar of Uskayaw.
  1075 | D:3      | Noticed Ijyb
  1095 | D:3      | Killed Ijyb
  1095 | D:3      | Reached XP level 7. HP: 55/64 MP: 2/2
  1149 | D:3      | Found a burning altar of Makhleb.
  1150 | D:3      | Found a radiant altar of Vehumet.
  1164 | D:3      | Became a worshipper of Makhleb the Destroyer
  1214 | D:3      | Found a faded altar of an unknown god.
  1348 | D:3      | Found a white marble altar of Elyvilon.
  1515 | D:4      | Reached skill level 5 in Armour
  1515 | D:4      | Reached skill level 5 in Shields
  1523 | D:4      | Reached skill level 1 in Invocations
  1539 | D:4      | Reached skill level 6 in Axes
  1584 | D:4      | Noticed Menkaure
  1588 | D:4      | Killed Menkaure
  1590 | D:4      | Found a staircase to the Ecumenical Temple.
  1609 | D:4      | Noticed Grinder
  1650 | D:4      | Killed Grinder
  1650 | D:4      | Reached XP level 8. HP: 46/73 MP: 2/4
  1736 | D:4      | Noticed Blork the orc
  1754 | D:4      | Killed Blork the orc
  1960 | D:4      | Reached skill level 7 in Axes
  2100 | D:5      | Entered Level 5 of the Dungeon
  2100 | D:5      | Noticed Edmund
  2128 | D:5      | Killed Edmund
  2163 | D:5      | Reached * piety under Makhleb
  2204 | D:5      | Found a sparkling altar of Nemelex Xobeh.
  2224 | D:5      | Reached skill level 5 in Fighting
  2702 | D:6      | Reached skill level 8 in Axes
  2702 | D:6      | Gained mutation: You passively map the area around you.
                  | [Deep Dwarf growth]
  2702 | D:6      | Reached XP level 9. HP: 61/81 MP: 6/6
  2860 | D:6      | Reached ** piety under Makhleb
  2914 | D:6      | Reached skill level 5 in Invocations
  3083 | D:6      | Found a shadowy altar of Dithmenos.
  3848 | D:8      | Reached skill level 9 in Axes
  4165 | D:8      | Reached *** piety under Makhleb
  4185 | D:8      | Reached XP level 10. HP: 88/91 MP: 7/7
  4421 | D:8      | Found an ancient bone altar of Kikubaaqudgha.
  4809 | D:9      | Found a burning altar of Makhleb.
  4852 | D:9      | Found a glowing silver altar of Zin.
  4914 | D:9      | Found a burning altar of Makhleb.
  4914 | D:9      | Noticed a balrug
  4917 | D:9      | Noticed an orange demon
  4962 | D:9      | Reached skill level 10 in Axes
  4970 | D:9      | Found an ornate altar of the Wu Jian Council.
  5022 | D:9      | Reached **** piety under Makhleb
  5269 | D:9      | Noticed a two-headed ogre
  5283 | D:9      | Killed a two-headed ogre
  5402 | D:10     | Entered Level 10 of the Dungeon
  5530 | D:10     | Killed an unseen horror
  5805 | D:10     | Reached skill level 11 in Axes
  5949 | D:11     | Reached ***** piety under Makhleb
  5961 | D:11     | Reached XP level 11. HP: 86/100 MP: 8/10
  5983 | D:11     | Found a runed translucent gate.
  5983 | D:11     | Found a runed translucent gate.
  5983 | D:11     | Found a runed translucent gate.
  5985 | D:11     | Found an opulent altar of Gozag.
  5989 | D:11     | Found Zukhlithe's Assorted Antiques.
  5989 | D:11     | Noticed Gruesome's ghost (journeyman GrFi)
  6024 | D:11     | Noticed a red ugly thing
  6035 | D:11     | Killed a red ugly thing
  6161 | D:11     | Noticed a death yak
  6162 | D:11     | Noticed a death yak
  6184 | D:11     | Killed a death yak
  6186 | D:11     | Killed a death yak
  6187 | D:11     | Found a staircase to the Lair.
  6199 | D:11     | Noticed a death yak
  6201 | D:11     | Noticed a two-headed ogre
  6220 | D:11     | Killed a death yak
  6224 | D:11     | Killed a two-headed ogre
  6328 | Lair:1   | Entered Level 1 of the Lair of Beasts
  6357 | Lair:1   | Reached skill level 12 in Axes
  6680 | Lair:1   | Found a runed translucent door.
  6680 | Lair:1   | Noticed Xaprouw's ghost (journeyman NaFE)
  6731 | Lair:1   | Found a dark tunnel.
  6741 | Volcano  | Entered a volcano
  6992 | Volcano  | Found a bloodstained altar of Trog.
  7010 | Volcano  | Reached XP level 12. HP: 83/110 MP: 11/11
  7107 | Volcano  | Noticed a stone giant
  7127 | Volcano  | Killed a stone giant
  7127 | Volcano  | Reached skill level 10 in Invocations
  7714 | Lair:2   | Reached skill level 13 in Axes
  7722 | Lair:2   | Reached skill level 10 in Armour
  7918 | Lair:2   | Reached skill level 10 in Shields
  8492 | Lair:3   | Reached ****** piety under Makhleb
  8776 | Lair:3   | You fall into a shaft and drop 3 floors!
  8776 | Lair:6   | Entered Level 6 of the Lair of Beasts
  8776 | Lair:6   | Noticed a death yak
  8776 | Lair:6   | Noticed a death yak
  8776 | Lair:6   | Noticed a death yak
  8776 | Lair:6   | Noticed a death yak
  8789 | Lair:6   | HP: 4/112 [rime drake/flash freeze (26)]
  8799 | Lair:6   | Killed a death yak
  8802 | Lair:6   | Killed a death yak
  8806 | Lair:6   | Killed a death yak
  8809 | Lair:6   | Killed a death yak
  8906 | Lair:6   | Reached XP level 13. HP: 120/120 MP: 10/10
  8964 | Lair:6   | Reached skill level 14 in Axes
  9749 | Lair:5   | Found a runed translucent door.
  9749 | Lair:5   | Noticed an acid blob
  9750 | Lair:5   | Found a viscous altar of Jiyva.
  9750 | Lair:5   | Found a staircase to the Slime Pits.
  9750 | Lair:5   | Noticed an acid blob
  9750 | Lair:5   | Noticed an acid blob
  9865 | Lair:4   | Found a staircase to the Snake Pit.
 10042 | Lair:4   | Found an ancient bone altar of Kikubaaqudgha.
 10251 | Lair:4   | Found a staircase to the Shoals.
 10586 | Snake:1  | Entered Level 1 of the Snake Pit
 10586 | Snake:1  | Found Ethoh's Distillery.
 10586 | Snake:1  | Noticed Louise
 10613 | Snake:1  | Cast into level 2 of the Abyss (Louise)
 10772 | Abyss:2  | Noticed a starcursed mass
 10792 | Abyss:2  | Reached skill level 15 in Axes
 10811 | Abyss:2  | Noticed a tentacled starspawn
 10824 | Abyss:2  | Killed a tentacled starspawn
 10854 | Abyss:2  | Gained mutation: You resist negative energy. (rN+) [Deep
                  | Dwarf growth]
 10854 | Abyss:2  | Reached XP level 14. HP: 100/130 MP: 11/11
 11027 | Abyss:2  | Noticed a bone dragon
 11039 | Abyss:2  | Noticed a tentacled starspawn
 11073 | Abyss:2  | Found a corrupted altar of Lugonu.
 11128 | Abyss:2  | Noticed a tentacled starspawn
 11130 | Snake:1  | Escaped the Abyss
 11157 | Snake:1  | Killed Louise
 11164 | Snake:1  | Bought a potion of mutation for 152 gold pieces
 11164 | Snake:1  | Bought a potion of haste for 190 gold pieces
 11164 | Snake:1  | Bought 3 potions of resistance for 570 gold pieces
 11223 | Snake:1  | Reached skill level 10 in Fighting
 11265 | Snake:2  | Found Kedih's Assorted Antiques.
 11303 | Snake:2  | Found Plog's Armour Shop.
 11529 | Snake:2  | Found Parier's Gadget Emporium.
 11796 | Snake:3  | Reached skill level 16 in Axes
 11927 | Snake:4  | Entered Level 4 of the Snake Pit
 12174 | Snake:4  | Reached XP level 15. HP: 76/140 MP: 8/10
 12191 | Snake:4  | Noticed a nagaraja
 12191 | Snake:4  | Noticed a nagaraja
 12274 | Snake:4  | Noticed a nagaraja
 12287 | Snake:4  | Killed a nagaraja
 12348 | Snake:4  | Reached skill level 17 in Axes
 12419 | Snake:4  | Killed a nagaraja
 12442 | Snake:4  | Noticed Vashnia
 12478 | Snake:4  | Noticed a nagaraja
 12495 | Snake:4  | Killed a nagaraja
 12520 | Snake:4  | Killed a nagaraja
 12565 | Snake:4  | Noticed a nagaraja
 12586 | Snake:4  | Killed a nagaraja
 12624 | Snake:4  | Noticed a nagaraja
 12635 | Snake:4  | Killed a nagaraja
 12660 | Snake:4  | Got a serpentine rune of Zot
 12850 | Shoals:1 | Entered Level 1 of the Shoals
 13367 | Shoals:4 | Entered Level 4 of the Shoals
 13441 | Shoals:4 | Reached XP level 16. HP: 95/151 MP: 11/11
 13709 | Shoals:4 | Reached skill level 18 in Axes
 13774 | Shoals:4 | Reached skill level 15 in Invocations
 13993 | Shoals:4 | Demolished by a faun

Levels and vault maps discovered:
D:1:      wheals_arrival_linesprint, layout_basic, tso_metal_star
D:2:      layout_loops_ring, marbit_many_paths, uniq_natasha, uniq_sigmund,
          uniq_robin
D:3:      layout_basic, grunt_temple_overflow_lords_of_destruction,
          kennysheep_ying_yang, minitemple, portal_sewer_entry_c,
          chequers_ecumenical_altar_grove, first_ration, led_xom_imps,
          uniq_ijyb, uniq_terence
D:4:      layout_cave_pools, minmay_temple_entry_slanted, st_stairs_11,
          uniq_grinder, uniq_blork_the_orc, uniq_menkaure
D:5:      layout_cave_pools, nemelex_xobeh_ov_fountains_minmay, uniq_edmund
D:6:      layout_rooms, minmay_misc_feat_ornament,
          nicolae_dithmenos_through_a_glass_darkly
D:7:      layout_loops_ring
D:8:      layout_loops_cross, lemuel_zombie_altar_kikubaaqudgha,
          hangedman_little_slice_of_home, hangedman_glass_teeth
D:9:      layout_roguey, nicolae_overflow_hidden_temple, kennysheep_little_box,
          basic_altar, makhleb_altar_promises_db
D:10:     layout_rooms, kennysheep_generic_room_3
D:11:     layout_grid_maze, dpeg_lair_monsters, david_orc_1_choice,
          ebering_ghost_gozag, chequers_serial_rivers_micro_a,
          minmay_starry_boxes
Lair:1:   layout_misc_corridors, nicolae_volcano_entry_batcave,
          gammafunk_ghost_grave, beast_lair_carwin_1
Lair:2:   layout_regular_city, disabler_island, infiniplex_staircase_pool
Lair:3:   layout_regular_city
Lair:4:   layout_long_grid, elwin_shoals_entry_rooms,
          minmay_snake_entry_guardpost_small, basic_altar
Lair:5:   layout_regular_city, slime_altar_2, chequers_serial_rivers_micro_c,
          uniq_urug
Lair:6:   due_jungle_book, layout_regular_city, kilobyte_rumbling_trees
Shoals:1: layout_shoals
Shoals:2: cheibrodos_shoals_baths, layout_shoals
Shoals:3: layout_shoals
Shoals:4: shoals_end_grunt_garden, layout_shoals
Snake:1:  nrook_guardian_serpent_snake_passage, layout_cave_pods, special_room,
          serial_shops, shop, minmay_shoptagon, uniq_louise
Snake:2:  layout_grid_maze, special_room, serial_shops, shop, shop,
          nicolae_shop_stone, shop, shop, uniq_aizul
Snake:3:  layout_basic, serial_shops, shop, drop_trap,
          hangedman_snake_corridor_cut, grunt_megastairs_1
Snake:4:  johnstein_snake_rune_scales, layout_onion, grunt_megastairs_4,
          uniq_vashnia

Skill      XL: |  1  2  3  4  5  6  7  8  9 10 11 12 13 14 15 16 |
---------------+-------------------------------------------------+-----
Axes           | 3 4 5 6 8 9 11 12 13 15 16 17 18 | 18.0
Fighting       | 3 4 5 6 7 8 9 10 11 | 11.9
Armour         | 4 5 6 7 8 9 10 11 12 13 | 13.9
Shields        | 4 5 6 7 8 9 10 11 12 13 | 13.9
Invocations    | 2 4 6 8 9 11 12 13 14 15 | 15.0

Action                   |  1- 3 |  4- 6 |  7- 9 | 10-12 | 13-15 | 16-18 || total
-------------------------+-------+-------+-------+-------+-------+-------++-------
Melee: War axe           |    77 |   165 |   419 |   249 |       |       ||   910
       Hand axe          |       |       |    45 |   431 |       |       ||   476
       Broad axe         |       |       |       |    97 |  1263 |   304 ||  1664
Invok: Lesser Servant of |       |       |       |       |     2 |       ||     2
       Greater Servant o |       |       |       |       |     2 |       ||     2
 Abil: Heal Wounds       |     3 |     4 |     9 |    10 |    23 |    13 ||    62
  Use: Scroll            |       |       |    17 |    14 |     3 |     1 ||    35
       Potion            |       |       |       |     1 |    14 |     6 ||    21
 Stab: Distracted        |       |       |       |       |     2 |       ||     2
  Eat: Chunk             |       |     1 |     8 |    14 |    14 |     2 ||    39
       Ration            |       |       |     1 |     1 |     1 |       ||     3
Armor: Scale mail        |    65 |    93 |   142 |       |       |       ||   300
       Plate armour      |       |       |   143 |   461 |   931 |   281 ||  1816
Dodge: Dodged            |    33 |    43 |   112 |   107 |   280 |   107 ||   682
Block: Kite shield       |    66 |    98 |   266 |   390 |   901 |   258 ||  1979

Table legend:
 A = Non-vault XP
 B = Vault XP
 C = Vault XP percentage of total XP
 D = Non-vault monster count
 E = Vault monster count
 F = Vault count percentage of total count
                 A         B        C        D         E       F
            +---------+---------+-------+---------+---------+-------
      Total |  122258 |   60767 |  33.2 |     471 |     185 |  28.2
            +---------+---------+-------+---------+---------+-------
        D:1 |       2 |       0 |   0.0 |       2 |       0 |   0.0
        D:2 |      28 |     264 |  90.4 |      14 |      12 |  46.2
        D:3 |      77 |     157 |  67.1 |      19 |      10 |  34.5
        D:4 |     444 |     579 |  56.6 |      14 |       4 |  22.2
        D:5 |     520 |     164 |  24.0 |      11 |       1 |   8.3
        D:6 |     820 |       0 |   0.0 |      24 |       0 |   0.0
        D:7 |     694 |       0 |   0.0 |      11 |       0 |   0.0
        D:8 |    2183 |     161 |   6.9 |      32 |      10 |  23.8
        D:9 |    1870 |       0 |   0.0 |      24 |       0 |   0.0
       D:10 |    2120 |      37 |   1.7 |      22 |       1 |   4.3
       D:11 |    3355 |    2602 |  43.7 |      21 |       5 |  19.2
     Lair:1 |    3334 |    1144 |  25.5 |      17 |       8 |  32.0
     Lair:2 |    3336 |       0 |   0.0 |      18 |       0 |   0.0
     Lair:3 |    2203 |       0 |   0.0 |      11 |       0 |   0.0
     Lair:4 |    2609 |    1054 |  28.8 |      13 |       4 |  23.5
     Lair:5 |    1528 |       0 |   0.0 |       6 |       0 |   0.0
     Lair:6 |   17886 |     966 |   5.1 |      55 |       7 |  11.3
   Shoals:1 |    3429 |       0 |   0.0 |       6 |       0 |   0.0
   Shoals:2 |    2100 |       0 |   0.0 |       3 |       0 |   0.0
   Shoals:3 |    4044 |       0 |   0.0 |       8 |       0 |   0.0
   Shoals:4 |   21689 |    9955 |  31.5 |      44 |      17 |  27.9
    Snake:1 |    3141 |     825 |  20.8 |       5 |       1 |  16.7
    Snake:2 |    8930 |       0 |   0.0 |      20 |       0 |   0.0
    Snake:3 |    8587 |    1565 |  15.4 |      18 |       6 |  25.0
    Snake:4 |   15045 |   36667 |  70.9 |      25 |      63 |  71.6
    Abyss:2 |   12284 |       0 |   0.0 |      28 |       0 |   0.0
      Sewer |       0 |     269 | 100.0 |       0 |      19 | 100.0
    Volcano |       0 |    4358 | 100.0 |       0 |      17 | 100.0
            +---------+---------+-------+---------+---------+-------
